[ AOE2 MATCH · #505770527 ]
UnrankedGurjaras vs Japanese
Player's team · WIN
Rival team · LOSS
[ REPLAY ANALYSIS · EXTRACTED FROM THE RECORDED GAME ]
Feudal
8:26
Castle
21:44
Imperial
37:33
| APM avg | 94.0 |
| APM peak | 167 |
| eAPM avg | 60.0 |
| Villagers / military | 185 / 481 |
Focus
⚔️ 75.1% · 🌾 24.9%
Scout Cavalry ×293 · Skirmisher ×70 · Hand Cannoneer ×57 · Shrivamsha Rider ×22 · Elephant Archer ×18 · Trebuchet (Packed) ×11
Feudal
8:58
Castle
21:11
Imperial
39:03
| APM avg | 69.3 |
| APM peak | 118 |
| eAPM avg | 43.5 |
| Villagers / military | 270 / 544 |
Focus
⚔️ 53.1% · 🌾 46.9%
Samurai ×268 · Skirmisher ×247 · Archer ×9 · Monk ×6 · Militia ×4 · Spearman ×4
Match map
Initial resources + every placement click. Lines = walls · curves = elevation contours. ◆ gold · ⬟ stone · ● berries · ✦ relic · ◌ wall gap
Your base· Open — 3t gap
NicoDA's base· Open — unwalled flank
Smoothed initial terrain · ◌ = detected wall gap · hover for details
Inputs per minute
— XEVER | Rivux - - NicoDA
Build order — XEVER | Rivux
First 150 of 945 actions detected
| 0:00 | Create | Villager (Male) |
| 0:01 | Create | Villager (Male) |
| 0:01 | Create | Villager (Male) |
| 0:01 | Create | Villager (Male) |
| 0:03 | Build | House |
| 0:04 | Build | House |
| 0:53 | Build | Mill |
| 1:35 | Create | Villager (Male) |
| 1:58 | Create | Villager (Male) |
| 2:15 | Create | Villager (Male) |
| 2:39 | Create | Villager (Male) |
| 3:09 | Create | Villager (Male) |
| 3:13 | Create | Villager (Male) |
| 3:21 | Create | Villager (Male) |
| 3:30 | Create | Villager (Male) |
| 3:31 | Create | Villager (Male) |
| 3:52 | Build | House |
| 3:56 | Create | Villager (Male) |
| 4:31 | Create | Villager (Male) |
| 4:31 | Create | Villager (Male) |
| 4:31 | Create | Villager (Male) |
| 4:55 | Create | Villager (Male) |
| 4:59 | Build | Lumber Camp |
| 5:30 | Build | House |
| 5:41 | Research | Loom |
| 6:08 | Research | Feudal Age |
| 6:08 | Research | Feudal Age |
| 6:52 | Build | Palisade Wall |
| 6:58 | Build | Mining Camp |
| 7:17 | Build | Palisade Wall |
| 7:21 | Build | Palisade Wall |
| 7:23 | Build | Palisade Wall |
| 7:42 | Build | Barracks |
| 8:04 | Create | Villager (Male) |
| 8:26 | Age | Feudal Age |
| 8:33 | Build | Archery Range |
| 8:41 | Create | Villager (Male) |
| 8:42 | Build | Palisade Wall |
| 8:45 | Build | Palisade Wall |
| 8:47 | Build | Palisade Wall |
| 8:59 | Create | Villager (Male) |
| 9:04 | Build | House |
| 9:05 | Build | Palisade Wall |
| 9:11 | Research | Double-Bit Axe |
| 9:21 | Create | Archer |
| 9:24 | Create | Villager (Male) |
| 9:24 | Create | Villager (Male) |
| 9:39 | Create | Archer |
| 10:00 | Build | House |
| 10:01 | Build | Palisade Wall |
| 10:05 | Create | Villager (Male) |
| 10:06 | Create | Archer |
| 10:09 | Build | Farm |
| 10:29 | Build | Farm |
| 10:41 | Create | Villager (Male) |
| 10:41 | Create | Villager (Male) |
| 10:54 | Create | Archer |
| 10:55 | Create | Villager (Male) |
| 11:07 | Create | Villager (Male) |
| 11:09 | Build | House |
| 11:47 | Build | Blacksmith |
| 11:57 | Create | Archer |
| 12:09 | Research | Town Watch |
| 12:21 | Build | Farm |
| 12:27 | Create | Archer |
| 12:33 | Build | Farm |
| 12:35 | Build | House |
| 12:38 | Create | Villager (Male) |
| 12:38 | Create | Villager (Male) |
| 12:45 | Build | House |
| 12:47 | Build | Palisade Wall |
| 12:48 | Build | Palisade Wall |
| 12:53 | Create | Villager (Male) |
| 12:56 | Create | Skirmisher |
| 13:07 | Build | House |
| 13:12 | Create | Skirmisher |
| 13:26 | Research | Fletching |
| 13:26 | Research | Fletching |
| 13:36 | Create | Villager (Male) |
| 13:48 | Build | House |
| 13:54 | Create | Villager (Male) |
| 13:55 | Create | Archer |
| 13:59 | Build | Farm |
| 14:02 | Build | Lumber Camp |
| 14:07 | Create | Villager (Male) |
| 14:09 | Create | Skirmisher |
| 14:19 | Build | Farm |
| 14:39 | Build | Palisade Wall |
| 14:41 | Create | Villager (Male) |
| 14:43 | Build | Farm |
| 14:44 | Create | Skirmisher |
| 14:53 | Build | House |
| 15:02 | Create | Skirmisher |
| 15:09 | Build | Palisade Wall |
| 15:14 | Create | Villager (Male) |
| 15:17 | Build | Farm |
| 15:21 | Build | Farm |
| 15:23 | Build | Palisade Wall |
| 15:55 | Create | Villager (Male) |
| 15:55 | Create | Skirmisher |
| 16:07 | Build | House |
| 16:12 | Create | Villager (Male) |
| 16:14 | Build | House |
| 16:18 | Create | Skirmisher |
| 16:28 | Create | Villager (Male) |
| 16:28 | Create | Skirmisher |
| 16:30 | Build | Farm |
| 16:31 | Build | Farm |
| 16:32 | Build | Farm |
| 17:04 | Create | Villager (Male) |
| 17:05 | Create | Skirmisher |
| 17:18 | Create | Villager (Male) |
| 17:21 | Build | Farm |
| 17:23 | Build | Farm |
| 17:32 | Build | Palisade Wall |
| 17:33 | Build | Palisade Wall |
| 17:46 | Create | Villager (Male) |
| 17:46 | Create | Skirmisher |
| 17:53 | Build | Farm |
| 18:08 | Create | Villager (Male) |
| 18:10 | Build | Market |
| 18:21 | Create | Skirmisher |
| 19:04 | Research | Castle Age |
| 19:10 | Create | Skirmisher |
| 19:13 | Build | Archery Range |
| 19:28 | Build | House |
| 19:29 | Build | Palisade Wall |
| 19:37 | Build | House |
| 19:44 | Create | Skirmisher |
| 19:45 | Create | Villager (Male) |
| 19:50 | Research | Horse Collar |
| 19:50 | Research | Horse Collar |
| 19:54 | Create | Skirmisher |
| 20:18 | Create | Villager (Male) |
| 20:18 | Create | Skirmisher |
| 20:19 | Create | Skirmisher |
| 20:37 | Create | Villager (Male) |
| 20:38 | Create | Skirmisher |
| 20:38 | Create | Skirmisher |
| 20:55 | Build | Farm |
| 21:07 | Build | Farm |
| 21:08 | Build | Farm |
| 21:09 | Build | Farm |
| 21:21 | Create | Skirmisher |
| 21:26 | Build | House |
| 21:44 | Age | Castle Age |
| 21:47 | Research | Elite Skirmisher (upgrade) |
| 21:48 | Research | Bodkin Arrow |
| 21:51 | Create | Villager (Male) |
| 22:16 | Create | Skirmisher |
Build order — NicoDA
First 150 of 751 actions detected
| 0:00 | Create | Villager (Male) |
| 0:00 | Create | Villager (Male) |
| 0:01 | Build | House |
| 0:02 | Build | House |
| 0:08 | Create | Villager (Male) |
| 0:08 | Create | Villager (Male) |
| 1:27 | Create | Villager (Male) |
| 1:51 | Build | Lumber Camp |
| 1:59 | Create | Villager (Male) |
| 2:14 | Create | Villager (Male) |
| 2:48 | Create | Villager (Male) |
| 3:08 | Create | Villager (Male) |
| 3:08 | Create | Villager (Male) |
| 3:40 | Create | Villager (Male) |
| 3:48 | Build | House |
| 4:01 | Create | Villager (Male) |
| 4:01 | Create | Villager (Male) |
| 4:26 | Build | Barracks |
| 4:34 | Create | Villager (Male) |
| 4:34 | Create | Villager (Male) |
| 4:46 | Create | Villager (Male) |
| 4:46 | Create | Villager (Male) |
| 4:48 | Build | House |
| 5:43 | Create | Villager (Male) |
| 6:13 | Research | Loom |
| 6:21 | Build | Mining Camp |
| 6:48 | Research | Feudal Age |
| 6:48 | Research | Feudal Age |
| 7:01 | Create | Militia |
| 7:19 | Create | Villager (Male) |
| 7:28 | Create | Militia |
| 7:28 | Create | Militia |
| 7:46 | Build | Mill |
| 8:19 | Create | Villager (Male) |
| 8:35 | Create | Militia |
| 8:48 | Create | Villager (Male) |
| 8:58 | Age | Feudal Age |
| 9:03 | Research | Man-at-Arms (upgrade) |
| 9:17 | Build | Archery Range |
| 9:30 | Create | Villager (Male) |
| 9:32 | Create | Villager (Male) |
| 9:56 | Create | Villager (Male) |
| 10:00 | Research | Double-Bit Axe |
| 10:10 | Create | Archer |
| 10:11 | Create | Skirmisher |
| 10:11 | Create | Skirmisher |
| 10:14 | Build | House |
| 10:26 | Research | Town Watch |
| 10:29 | Create | Archer |
| 10:29 | Create | Archer |
| 10:30 | Create | Archer |
| 10:36 | Build | Farm |
| 10:37 | Build | Farm |
| 10:38 | Build | Farm |
| 10:39 | Build | Farm |
| 10:42 | Build | Farm |
| 10:44 | Create | Archer |
| 10:44 | Create | Archer |
| 10:52 | Create | Skirmisher |
| 10:55 | Create | Villager (Male) |
| 11:00 | Build | House |
| 11:11 | Build | House |
| 11:21 | Create | Skirmisher |
| 11:23 | Create | Villager (Male) |
| 11:24 | Create | Villager (Male) |
| 11:28 | Build | Farm |
| 11:31 | Create | Skirmisher |
| 11:43 | Create | Villager (Male) |
| 11:54 | Build | Farm |
| 11:59 | Build | House |
| 12:07 | Create | Villager (Male) |
| 12:07 | Create | Archer |
| 12:09 | Create | Skirmisher |
| 12:19 | Create | Skirmisher |
| 12:25 | Build | Farm |
| 12:28 | Build | House |
| 12:30 | Create | Villager (Male) |
| 12:38 | Create | Skirmisher |
| 12:48 | Create | Villager (Male) |
| 12:59 | Build | Farm |
| 13:02 | Build | House |
| 13:13 | Create | Skirmisher |
| 13:14 | Create | Villager (Male) |
| 13:18 | Create | Skirmisher |
| 13:18 | Create | Skirmisher |
| 13:26 | Create | Skirmisher |
| 13:37 | Create | Villager (Male) |
| 13:40 | Build | Blacksmith |
| 13:48 | Create | Skirmisher |
| 13:48 | Create | Villager (Male) |
| 14:02 | Create | Villager (Male) |
| 14:02 | Create | Skirmisher |
| 14:09 | Create | Villager (Male) |
| 14:11 | Create | Skirmisher |
| 14:17 | Research | Fletching |
| 14:17 | Create | Villager (Male) |
| 14:20 | Build | Farm |
| 14:26 | Create | Skirmisher |
| 14:33 | Create | Skirmisher |
| 14:39 | Create | Villager (Male) |
| 14:40 | Build | Farm |
| 14:54 | Create | Skirmisher |
| 14:54 | Create | Skirmisher |
| 15:03 | Create | Skirmisher |
| 15:05 | Create | Villager (Male) |
| 15:06 | Create | Villager (Male) |
| 15:08 | Build | Farm |
| 15:09 | Build | Farm |
| 15:09 | Create | Villager (Male) |
| 15:17 | Create | Skirmisher |
| 15:22 | Build | Farm |
| 15:23 | Build | Farm |
| 15:23 | Create | Villager (Male) |
| 15:51 | Create | Skirmisher |
| 15:51 | Create | Skirmisher |
| 16:10 | Create | Skirmisher |
| 16:12 | Build | Farm |
| 16:13 | Build | Farm |
| 16:27 | Create | Villager (Male) |
| 16:32 | Create | Villager (Male) |
| 16:34 | Create | Villager (Male) |
| 17:04 | Create | Skirmisher |
| 17:04 | Create | Skirmisher |
| 17:11 | Create | Skirmisher |
| 17:13 | Create | Villager (Male) |
| 17:22 | Create | Skirmisher |
| 17:24 | Create | Skirmisher |
| 17:40 | Build | Market |
| 17:47 | Create | Skirmisher |
| 18:03 | Create | Skirmisher |
| 18:31 | Research | Castle Age |
| 18:35 | Create | Villager (Male) |
| 18:43 | Create | Villager (Male) |
| 18:47 | Build | House |
| 18:52 | Create | Spearman |
| 18:53 | Create | Villager (Male) |
| 18:58 | Build | Lumber Camp |
| 18:59 | Create | Skirmisher |
| 19:00 | Create | Skirmisher |
| 19:00 | Create | Skirmisher |
| 19:09 | Create | Villager (Male) |
| 19:14 | Research | Gold Mining |
| 19:14 | Research | Gold Mining |
| 19:25 | Build | House |
| 19:36 | Create | Villager (Male) |
| 19:38 | Build | House |
| 19:39 | Build | Palisade Wall |
| 19:57 | Research | Horse Collar |
| 20:01 | Create | Skirmisher |
| 20:01 | Create | Skirmisher |
Match timeline
| 4:26 | NicoDA · first_building Barracks |
| 6:52 | XEVER | Rivux · wall_segment Palisade Wall x1 |
| 7:17 | XEVER | Rivux · wall_segment Palisade Wall x1 |
| 7:21 | XEVER | Rivux · wall_segment Palisade Wall x1 |
| 7:23 | XEVER | Rivux · wall_segment Palisade Wall x9 |
| 7:42 | XEVER | Rivux · first_building Barracks |
| 8:26 | XEVER | Rivux · age_up feudal |
| 8:33 | XEVER | Rivux · first_building Archery Range |
| 8:42 | XEVER | Rivux · wall_segment Palisade Wall x1 |
| 8:45 | XEVER | Rivux · wall_segment Palisade Wall x1 |
| 8:47 | XEVER | Rivux · wall_segment Palisade Wall x1 |
| 8:58 | NicoDA · age_up feudal |
| 9:05 | XEVER | Rivux · wall_segment Palisade Wall x1 |
| 9:17 | NicoDA · first_building Archery Range |
| 10:01 | XEVER | Rivux · wall_segment Palisade Wall x4 |
| 12:47 | XEVER | Rivux · wall_segment Palisade Wall x2 |
| 12:48 | XEVER | Rivux · wall_segment Palisade Wall x6 |
| 14:39 | XEVER | Rivux · wall_segment Palisade Wall x5 |
| 15:09 | XEVER | Rivux · wall_segment Palisade Wall x1 |
| 15:23 | XEVER | Rivux · wall_segment Palisade Wall x1 |
| 17:32 | XEVER | Rivux · wall_segment Palisade Wall x6 |
| 17:33 | XEVER | Rivux · wall_segment Palisade Wall x9 |
| 18:23 | NicoDA · first_market_buy 100 food |
| 18:28 | NicoDA · first_market_sell 100 wood |
| 19:03 | XEVER | Rivux · first_market_buy 100 food |
| 19:29 | XEVER | Rivux · wall_segment Palisade Wall x6 |
| 19:39 | NicoDA · wall_segment Palisade Wall x13 |
| 21:11 | NicoDA · age_up castle |
| 21:44 | XEVER | Rivux · age_up castle |
| 22:52 | NicoDA · first_building Siege Workshop |
| 25:44 | XEVER | Rivux · first_building Stable |
| 26:34 | NicoDA · first_building Monastery |
| 29:23 | XEVER | Rivux · first_building Siege Workshop |
| 29:30 | NicoDA · first_building Castle |
| 32:08 | NicoDA · wall_segment Palisade Wall x1 |
| 36:00 | XEVER | Rivux · first_building Castle |
| 37:33 | XEVER | Rivux · age_up imperial |
| 39:03 | NicoDA · age_up imperial |
| 39:32 | XEVER | Rivux · first_market_sell 100 wood |
| 54:00 | NicoDA · resign |
[ AI ANALYSIS · 1 CREDIT ]
What really happened in this match?
Wolo.gg analyzes every decision: build order, eco, micro, common mistakes by bracket. Personalized analysis on WhatsApp or Discord in 30 seconds.
Civ guide
Gurjaras
Perfil
Jugador #3035292